[Event "E World Chess Championship 2023"]
[Site "Chess.com"]
[Date "2023.04.15"]
[Round "5"]
[White "Nepomniachtchi, Ian"]
[Black "Ding, Liren"]
[Result "1-0"]
[WhiteElo "2795"]
[BlackElo "2788"]
[ECO "C84"]
[EventDate "2023.??.??"]
[Annotator "rafael"]
[PlyCount "95"]
[Beauty "7148704629798"]
[EventType "match"]
[EventRounds "15"]
[EventCountry "FID"]
[TimeControl "7200+30"]

1.e4 {Nepomniachtchi returns to his favorite move after failing to gain an advantage in the third game with the queen's pawn.} 1...e5 {It's hard to imagine Ding playing anything against 1.e4 in the match other than 1...e5.} 2.Nf3 Nc6 3.Bb5 a6 4.Ba4 Nf6 5.O-O Be7 6.d3 {The Ruy Lopez is the most classic of all chess openings and I was curious to know what ideas Nepomniachtchi had prepared for the match. 6.Bxc6 was played in the first game and gave him an edge, but it was a one-game attempt and worked well for that purpose. 6.Re1 was the chosen move in the match against Carlsen. 6.d3 is a popular and modern option.} 6...b5 7.Bb3 d6 8.c3 O-O 9.h3 Bb7 {In these Ruy Lopez positions there are many possible plans for both sides, with many details and subtleties.} ( 9...Na5 {is the most popular move.} 10.Bc2 c5 11.d4 {The Chigorin Variation with more tempo for Black, but even so equality is not so easy.} ) ( 9...h6 ) ( 9...Nb8 ) ( 9...Be6 ) 10.a4 $5 {[%c_effect a4;square;a4;type;Interesting;persistent;true] A rare move, played by Firouzja last year.} ( 10.Re1 ) ( 10.Nbd2 ) 10...Na5 11.Ba2 {This is the idea, now the bishop can stay on the dangerous diagonal.} 11...c5 12.Bg5 {A new move. Nepomniachtchi certainly has a good stock of ideas in the opening against his opponent's more predictable choice.} ( 12.Na3 Qd7 13.Bg5 ( 13.axb5 {is more accurate.} 13...axb5 14.Bg5 ) 13...bxa4 $1 {[%c_effect a4;square;a4;type;GreatFind;persistent;true] with a position full of resources in Firouzja-Giri, Miami (rapid) 2022.} ) 12...h6 {A curious move, as White probably wants to take on f6 anyway.} ( 12...Nd7 {is possible, but then White can retreat the bishop to e3 and Black has nothing better than retreating the knight as well.} 13.Be3 Nf6 ) ( 12...c4 {is premature, as White has the initiative after} 13.axb5 axb5 14.Na3 ) ( 12...Qd7 {is very natural.} 13.Nbd2 {And certainly Nepomniachtchi has a lot of lines analyzed here.} ) 13.Bxf6 Bxf6 14.axb5 axb5 15.Nbd2 Nc6 ( 15...d5 {is a critical move, since the break improves Black's pawn structure. A possible continuation is} 16.exd5 ( 16.b4 {gives nothing after} 16...dxe4 17.Nxe4 cxb4 18.cxb4 Nc6 ) 16...Bxd5 17.Qe2 Nc6 18.Bxd5 Qxd5 {Black's position looks acceptable.} ) 16.Bd5 Rxa1 17.Qxa1 Qd7 18.Re1 {Nepomniachtchi was blitzing all his moves, indicating he was still in preparation.} 18...Ra8 {A natural move, although it's not so clear whether forcing the queen back to the game is the most precise move.} ( 18...Ne7 {Black can accelerate the plan of exchanging bishops.} 19.Bxb7 Qxb7 ) ( 18...Bc8 $5 {[%c_effect c8;square;c8;type;Interesting;persistent;true] is a very interesting plan. The point is to bring the knight to e7 without allowing the exchange of bishops. We will see different versions of this idea in the analysis.} 19.Nf1 Ne7 20.Bb3 ( 20.Ne3 Nxd5 21.Nxd5 Bd8 {is also OK for Black.} 22.Qa2 Bb7 ) 20...Bb7 {with a good position.} ) 19.Qd1 Bd8 {I don't like this move, although deeming it dubious might be excessive criticism. There are several possible plans.} ( 19...Ne7 20.Bxb7 Qxb7 ) ( 19...Nd8 20.Bxb7 Qxb7 ) ( 19...Ra6 $5 {[%c_effect a6;square;a6;type;Interesting;persistent;true] with the idea of playing Bc8-Ne7.} ) ( 19...g6 {A typical move to bring the bishop to g7.} ) 20.Nf1 Ne7 $6 {[%c_effect e7;square;e7;type;Inaccuracy;persistent;true] After this White definitely has the upper hand.} ( 20...Ra7 $5 {[%c_effect a7;square;a7;type;Interesting;persistent;true] is better:} 21.Ne3 Bc8 {with the idea of Ne7 and at some point the bishop will go to b6.} ) 21.Bxb7 Qxb7 22.Ne3 {Nepomniachtchi got what he wanted from the opening. A good position, attacking chances, and an advantage on the clock.} 22...Bb6 23.h4 $1 {[%c_effect h4;square;h4;type;GreatFind;persistent;true] I'm not sure if this move is still part of the preparation or if it was thought up on the board, but it's a great decision. It reminds me of a great Kasparov game I watched live, when he played a similar plan against Van Wely, in Wijk aan Zee 1999, achieving a magnificent victory. Bringing the pawn to h5 helps White both in attacking chances on the middlegame and also in the endgame.} 23...Qc6 24.h5 {This is a critical moment. Nepomniachtchi said at the press conference that he was torn between this and 24.c4.} ( 24.c4 {is very sensible, since it stops c5-c4, but the computer is not impressed.} 24...Ba5 25.Re2 h5 $5 {[%c_effect h5;square;h5;type;Interesting;persistent;true] avoiding h4-h5.} ) ( 24.Qe2 {Queen moves don't really avoid c5-c4.} 24...c4 $5 25.dxc4 Bxe3 26.cxb5 Bxf2+ 27.Kxf2 Qb6+ 28.Kf1 f5 {with compensation for the pawn.} ) ( 24.Qb3 c4 $5 ( 24...Rc8 ) 25.dxc4 Bxe3 26.cxb5 Bxf2+ 27.Kxf2 Qc5+ 28.Kg3 Rb8 29.c4 Ng6 {with activity in return for the pawn.} ) 24...c4 {This is better than capturing on c4.} 25.d4 $1 ( 25.dxc4 Bxe3 ( 25...bxc4 26.Ng4 {is more dangerous.} ) 26.Rxe3 bxc4 {with an equal position.} ) 25...exd4 $6 {[%c_effect d4;square;d4;type;Inaccuracy;persistent;true] Not the most accurate move, although Ding had to calculate some difficult lines in order to choose the best move.} ( 25...Rd8 $1 26.Nh4 {This seems very dangerous for Black, but he is still alive.} 26...exd4 ( 26...d5 {is also possible:} 27.Nxd5 ( 27.exd5 Qf6 $1 ( 27...Nxd5 $2 28.Nhf5 ) 28.Nf3 exd4 29.Ng4 Qd6 30.Nxd4 Nxd5 {with an active position.} ) 27...Nxd5 28.exd5 Qf6 $1 {[%c_effect f6;square;f6;type;GreatFind;persistent;true] This is the point.} 29.Re4 exd4 30.cxd4 b4 {The machine indicates that Black's activity is enough for equality.} ) 27.Nef5 Nxf5 28.Nxf5 Qe8 $1 {[%c_effect e8;square;e8;type;GreatFind;persistent;true] a difficult move, bringing the queen back to defend.} 29.cxd4 ( 29.Qg4 Qe5 ) 29...Qe6 {The queen goes to f6 and Black is alive. All this is very hard to calculate and even harder to evaluate.} ) 26.Nxd4 {The right way.} ( 26.cxd4 $6 Ba5 27.Re2 d5 $1 {[%c_effect d5;square;d5;type;GreatFind;persistent;true] with a good position.} ) 26...Qc5 ( 26...Bxd4 27.Qxd4 {White has a comfortable advantage, with more active pieces and the better pawn structure.} ) 27.Qg4 $6 {[%c_effect g4;square;g4;type;Inaccuracy;persistent;true] Nepomniachtchi's only inaccuracy in the entire game.} ( 27.Qf3 $1 {[%c_effect f3;square;f3;type;GreatFind;persistent;true] is the best way to conduct the initiative.} 27...Re8 ( 27...Qe5 28.Ng4 Qg5 29.e5 $1 d5 30.Nxb5 {with a big advantage.} ) 28.Qg4 {It's weird to move the queen again, but now the invasion on d7 is more annoying.} 28...Qe5 29.Qd7 Kf8 30.Rd1 {with strong pressure.} ) 27...Qe5 $1 28.Nf3 ( 28.Qd7 {is not dangerous now.} 28...Bxd4 29.cxd4 Qxe4 ) 28...Qe6 29.Nf5 Nxf5 $6 {[%c_effect f5;square;f5;type;Inaccuracy;persistent;true] Ding regretted playing this move.} ( 29...Qf6 $1 30.Nxe7+ Qxe7 31.Qf5 Bc5 {White's position is still more comfortable in practice, but the worst is over.} ) 30.exf5 Qf6 $6 ( 30...Qd7 $1 {[%c_effect d7;square;d7;type;GreatFind;persistent;true] This is the right square for the queen, but it's more natural to a human to bring it closer to the king.} 31.Qf4 Bd8 {with only a slight plus for White.} ) 31.Qe4 Rb8 32.Re2 $1 {[%c_effect e2;square;e2;type;GreatFind;persistent;true] An excellent prophylactic move, defending b2 and thus avoiding the counterplay with b5-b4.} 32...Bc5 ( 32...b4 33.cxb4 ) 33.g4 $1 {[%c_effect g4;square;g4;type;GreatFind;persistent;true] Another great move, mixing attack and defense. The f5-pawn is protected and this is important to free the queen.} 33...Qd8 ( 33...b4 34.Qxc4 ) 34.Qd5 Kf8 35.Kf1 {A difficult move. On the broadcast, Giri said that this is the kind of move that wins games. The idea is to improve the king's position, taking it away from the bishop's diagonal, thus preparing the decisive plan to pass the rook to the attack. 35.Kg2 is also possible, with a similar idea.} ( 35.Kg2 ) ( 35.Re4 Qb6 $1 {[%c_effect b6;square;b6;type;GreatFind;persistent;true] Here we see one of the benefits of the move played in the game, as Black now threatens to capture on f2 with check.} ) 35...Rc8 ( 35...Qc8 {with the idea of bringing the queen to b7, is the only chance to defend, but taking the queen out of the defense from f5-f6 and g4-g5 advances is difficult in the heat of the game.} 36.f6 ( 36.g5 Qb7 ) 36...gxf6 37.Qe4 {Black's position remains very difficult, albeit not yet lost.} ) 36.Re4 $1 {[%c_effect e4;square;e4;type;GreatFind;persistent;true] The rook supports the decisive kingside break with f6 or g5.} 36...Rb8 {For lack of a better option, Ding decides to wait out the inevitable.} 37.g5 $1 hxg5 ( 37...Qd7 {is more stubborn.} ) 38.Rg4 Ra8 ( 38...Qf6 39.Nxg5 {wins easily.} ) ( 38...f6 39.Nh4 $1 {[%c_effect h4;square;h4;type;GreatFind;persistent;true] This is the beautiful point of White's previous moves.} 39...gxh4 40.h6 gxh6 41.Qg8+ Ke7 42.Rg7# ) 39.Nxg5 Ra1+ 40.Ke2 ( 40.Kg2 {is also winning:} 40...Qa8 41.Qxa8+ Rxa8 42.f6 $1 gxf6 43.Nh7+ Ke7 44.Re4+ Kd7 45.Nxf6+ Kc6 46.Re8 Rxe8 47.Nxe8 Kd7 48.h6 Kxe8 49.h7 {The poor bishop is not able to do anything.} ) 40...Qe7+ 41.Ne4 Qe8 42.Kf3 Qa8 43.Qxa8+ {I expected Nepomniachtchi to play on his style, keeping the queens and winning by attack. But he made the most \"professional\" decision, bringing the game to an easily winning endgame.} ( 43.Qd2 {the queen goes to g5 with a winning attack.} ) 43...Rxa8 44.f6 g6 ( 44...gxf6 45.Nxf6 Ke7 46.Ng8+ Kf8 47.h6 {The h-pawn is unstoppable.} ) 45.hxg6 fxg6 46.Rxg6 Ra2 47.Kg4 Rxb2 48.Rh6 {The king goes to f5 and White has a mating net. With the third decisive game out of five, each better than the other, this is one of the best starts to a world championship match in history. If before the event started there was doubt about the true interest of the public due to Carlsen's absence, the games spoke for themselves and I imagine that chess fans all over the world can't wait for the next battle.} ( 48.Rh6 Bxf2 49.Rh8+ Kf7 50.Kf5 {with mate next move.} ) 1-0